Map: Royal Blood LE

Players

tilter - Winner!

  • Race: Terran Terran
  • Spawn Location: 1:00

Goldfinger

  • Race: Terran Terran
  • League: Platinum
  • Spawn Location: 7:00

VOD

Have the link to the VOD?

Description

Time

  • Played on: Sept. 17, 2023, 2:32 p.m.
  • Length: 5:24
Show
View Real Time Build Order
Export as new Build Order

tilter Terran - Winner!

Build Orders: 1/1/1, Liberator Opening 

Get SALT Encoding   

  12  0:00  SCV  
  13  0:12  SCV  
  14  0:17  Supply Depot  
  14  0:24  SCV  
  15  0:39  SCV  
  15  0:40  Barracks  
  16  0:44  Refinery  
  16  0:50  Refinery  
  16  0:54  SCV  
  17  1:08  SCV  
  18  1:20  SCV  
  19  1:26  Barracks  
  19  1:32  Orbital Command  
  19  1:37  Factory  
  19  1:41  Barracks Tech Lab  
  19  1:57  Supply Depot, SCV  
  20  2:06  Marauder  
  22  2:12  Concussive Shells  
  22  2:22  Starport  
  22  2:23  Factory Reactor  
  22  2:31  Marauder  
  24  2:40  Bunker  
  24  2:42  SCV  
  25  2:48  Supply Depot  
  25  3:09  Siege Tank  
  28  3:14  Medivac  
  30  3:31  Liberator  
  31  3:56  Command Center  
  29  4:04  Siege Tank  
  32  4:28  Liberator  
  35  4:35  Liberator  
  37  4:51  Marine  
Show
View Real Time Build Order
Export as new Build Order

Goldfinger Terran 

Build Orders:  

Get SALT Encoding   

  12  0:00  SCV  
  13  0:12  SCV  
  14  0:22  Supply Depot  
  14  0:25  SCV  
  15  0:32  Refinery  
  15  0:43  SCV  
  15  0:46  Barracks  
  16  1:00  Supply Depot, SCV  
  17  1:12  SCV  
  18  1:24  SCV  
  19  1:36  SCV  
  20  1:41  Barracks Tech Lab  
  20  1:52  Orbital Command  
  20  2:01  Stimpack  
  20  2:03  Marine  
  21  2:21  Marine  
  22  2:27  Barracks  
  22  2:28  Barracks x2  
  22  2:29  Barracks  
  22  2:32  Supply Depot  
  22  2:48  Marauder  
  24  2:55  Supply Depot  
  24  3:17  Supply Depot  
  24  3:20  Barracks Reactor x4  
  24  3:30  Marauder  
  26  3:40  Supply Depot  
  24  3:51  Marauder  
  26  4:05  Marine x8  
  34  4:12  Marine  
  35  4:22  Marine  
  35  4:23  Marine x7  
  43  4:30  Marine  
  44  4:40  Marine x3  
  44  4:41  Marine x5  
  52  4:48  Marine  
  52  4:51  Supply Depot  
  53  4:58  Marine x5  
  53  4:59  Marine x3  
  61  5:06  Marine  
Tags
 
Add a new tag
Caveats
  • Supply blocks, unpowered buildings, or Contaminate may cause inaccurate times.
  • Supply counts are checked every 10 seconds.